 Seeded DCSS version 0.31-a0-271-gb88eb75e06 (webtiles) character file.

Game seed: 14215367866634240820 (custom seed)

2166 innerfire43 the Cleaver (level 9, 0/69 (71) HPs)
             Began as a Demonspawn Monk on July 14, 2023.
             Was a Believer of Cheibriados.
             Slain by a wight
             ... wielding a +4 dagger
              (6 damage)
             ... on level 7 of the Dungeon.
             The game lasted 00:07:35 (5687 turns).

innerfire43 the Cleaver (Demonspawn Monk)           Turns: 5687, Time: 00:07:36

HP:   0/69 (71)     AC:  3    Str: 19    XL:     9   Next: 10%
MP:   9/9           EV: 15    Int: 22    God:    Cheibriados [**....]
Gold: 336           SH:  4    Dex: 18    Spells: 8/8 levels left

rFire   . . .        n - +0 war axe
rCold   . . .        d - orb {light}
rNeg    . . .        b - +0 robe
rPois   .            (helmet restricted)
rElec   .            (no cloak)
rCorr   +            (no gloves)
SInv    +            q - +0 pair of boots
Will    .....        s - amulet "Domauvi" {RegenMP Int+6 Dex-2 Slay+4}
Stlth   +            x - ring of resist corrosion
HPRegen 0.31/turn    H - ring of see invisible
MPRegen 0.51/turn

%: no passive effects
@: glowing, lightly drained, very slow
A: horns 1, large bone plates 1, demonic guardian 2, condensation shield
a: Renounce Religion, Bend Time


You were on level 7 of the Dungeon.
You worshipped Cheibriados.
Cheibriados was pleased with you.
You visited 2 branches of the dungeon, and saw 8 of its levels.
You also visited: Sewer.

You collected 336 gold pieces.

Inventory:

Hand Weapons
 a - a +0 hand axe
 n - a +0 war axe (weapon)
Missiles
 h - 5 silver javelins (quivered)
Armour
 b - a +0 robe (worn)
 d - an orb of light (worn)
 j - a +2 helmet
 q - a +0 pair of boots (worn)
Jewellery
 s - the amulet "Domauvi" (around neck) {RegenMP Int+6 Dex-2 Slay+4}
   (You acquired it in a sewer)

   [amulet of magic regeneration]

   It increases your rate of magic regeneration.
   Int:       It affects your intelligence (+6).
   Dex:       It affects your dexterity (-2).
   Slay:      It affects your accuracy & damage with ranged weapons and melee
   (+4).
 x - a ring of resist corrosion (left hand)
 H - a ring of see invisible (right hand)
 J - a ring of flight
Talismans
 B - a serpent talisman
Wands
 t - a wand of roots (19)
 u - a wand of polymorph (13)
 v - a wand of mindburst (19)
 E - a wand of paralysis (13)
 G - a wand of quicksilver (17)
Scrolls
 e - 2 scrolls of enchant weapon {unknown}
 f - 2 scrolls of fog {unknown}
 i - 4 scrolls of enchant armour {unknown}
 k - a scroll of amnesia {unknown}
 l - 3 scrolls of poison {unknown}
 o - a scroll of torment {unknown}
 p - a scroll of teleportation {unknown}
 r - 6 scrolls of identify {unknown}
 y - a scroll of blinking {unknown}
 C - 2 scrolls of vulnerability {unknown}
 F - a scroll of summoning {unknown}
 I - a scroll of fear {unknown}
Potions
 c - a potion of ambrosia
 g - 5 potions of curing {unknown}
 m - a potion of berserk rage {unknown}
 w - a potion of lignification {unknown}
 z - a potion of degeneration {unknown}
 A - a potion of attraction {unknown}
 D - a potion of haste {unknown}


   Skills:
 + Level 6.8 Fighting
 - Level 8.1 Axes
 - Level 6.0 Dodging
 * Level 1.3 Shapeshifting


You had 8 spell levels left.
You didn't know any spells.
Your spell library contained the following spells:

 Spells                   Type           Power      Damage    Failure   Level
 Apportation              Tloc           0%         N/A       17%         1
 Necrotise                Necr           0%         1d4       17%         1
 Sandblast                Erth           0%         2d4       17%         1
 Summon Small Mammal      Summ           0%         N/A       17%         1
 Passwall                 Tmut/Erth      0%         N/A       26%         2
 Sublimation of Blood     Necr           0%         N/A       26%         2
 Gell's Gravitas          Tloc           0%         N/A       45%         3
 Stone Arrow              Conj/Erth      0%         3d7       45%         3
 Teleport Other           Tloc           0%         N/A       45%         3
 Petrify                  Tmut/Erth      0%         N/A       86%         4
 Irradiate                Conj/Tmut      0%         3d11      99%         5
 Dispersal                Tloc           0%         N/A       100%        6


Dungeon Overview and Level Annotations

Branches:
Dungeon (7/15)             Temple (1/1) D:7           Sewer (visited)

Altars:
Ashenzari
Cheibriados
Dithmenos
Fedhas
Gozag
Hepliaklqana
Makhleb
Okawaru
Qazlal
Sif Muna
Trog
Vehumet
Wu Jian
Xom

Shops:
D:4 [   D:5 *


Innate Abilities, Weirdness & Mutations

You have a pair of small horns on your head.
You are partially covered in large bone plates. (SH +4)
A demonic guardian rushes to your aid.
A meltable shield of frost defends you. (SH +0)


Message History

Your ice devil barely misses the steam dragon.
The steam dragon barely misses your ice devil.
The steam dragon completely misses your ice devil.
A yak comes into view.
You are engulfed in a cloud of scalding steam.
* * * LOW HITPOINT WARNING * * *
Your ice devil hits the steam dragon!
The steam dragon dies!
Cheibriados appreciates the change of pace.
The steam dragon scales are intact enough to wear.
Your Shapeshifting skill increases to level 1!
You are confused.
You feel invigorated.
Your ice devil disappears in a puff of smoke!
Unknown command.
You barely miss the wight. You slash the wight!
A yak comes into view.
The wight closely misses you. The wight hits you with a +4 dagger.
You bump into the rock wall.
The yak bellows!
The wight hits you with a +4 great sword!
* * * LOW HITPOINT WARNING * * *
The wight hits you but does no damage.
The wight closely misses you. x2; The wight hits you with a +4 dagger!
* * * LOW HITPOINT WARNING * * *
A demonic guardian appears!
You bump into the rock wall.
The wight hits you with a +4 great sword!
* * * LOW HITPOINT WARNING * * *
The wight misses you.
Your orange demon barely misses the wight.
Unknown command.
You bump into the rock wall.
You feel less invigorated.
You feel less confused.
The wight hits you with a +4 great sword.
* * * LOW HITPOINT WARNING * * *
You feel drained.
* * * LOW HITPOINT WARNING * * *
The wight hits you with a +4 dagger.
You die...

#....#
#######....#
....)......#
.#######.#.## . ##
#.#..# .. ####'###
... # #.....# ....
# #.⌠.⌠.#####
..... #
+..>..'4@z##Y.....
.
#.⌠.⌠.###zYYzY....
.. #...[.#
####Y..... ###'###
..... #.[.# ....
##.## Y.. #.# ..
#.# . #.#


You could see 4 yaks, 3 wights and a friendly orange demon (summoned).

Vanquished Creatures
  Pikel (D:7)
  A water moccasin (D:5)
  Pargi (Sewer)
  A sky beast (D:5)
  3 black bears
  A phantom (D:5)
  3 scorpions
  Dowan (D:7)
  4 hounds
  An orc priest (D:3)
  3 iguanas
  Ijyb (D:4)
  Terence (D:3)
  An orc wizard (D:6)
  4 gnolls (D:2)
  4 adders
  A white imp (D:6)
  2 worms
  2 dart slugs
  12 orcs
  10 ball pythons
  10 endoplasms
  7 giant cockroaches
  8 goblins
  6 hobgoblins
  5 jackals (D:1)
  8 kobolds
  9 quokkas
  4 bats
  6 frilled lizards
  4 rats
125 creatures vanquished.

Vanquished Creatures (collateral kills)
  A steam dragon (D:7)
  Duvessa (D:7)
  2 wights (D:7)
  A giant cockroach (D:1)
  A goblin (D:1)
  A jackal (D:1)
  A quokka (D:1)
  A bat (D:1)
9 creatures vanquished.

Grand Total: 134 creatures vanquished

Notes
Turn   | Place    | Note
-------+----------+-------------------------------------------
     0 | D:1      | innerfire43 the Demonspawn Monk began the quest for the
                  | Orb.
     0 | D:1      | Reached XP level 1. HP: 18/18 MP: 1/1
    52 | D:1      | Reached skill level 3 in Axes
    52 | D:1      | Gained mutation: A weak demonic guardian rushes to your
                  | aid. [demonic ancestry]
    52 | D:1      | Reached XP level 2. HP: 9/24 MP: 2/2
   438 | D:1      | Reached XP level 3. HP: 29/29 MP: 3/3
  1229 | D:2      | Gained mutation: A demonic guardian rushes to your aid.
                  | [demonic ancestry]
  1229 | D:2      | Reached XP level 4. HP: 35/35 MP: 4/4
  1717 | D:3      | Reached skill level 4 in Axes
  1787 | D:3      | Reached XP level 5. HP: 24/42 MP: 5/5
  2000 | D:3      | Noticed Terence
  2009 | D:3      | Killed Terence
  2605 | D:4      | Found Junwutirr's Armour Shoppe.
  2678 | D:4      | Noticed Ijyb
  2689 | D:4      | Killed Ijyb
  2868 | D:4      | Noticed a black bear
  2877 | D:4      | Killed a black bear
  2878 | D:4      | Reached XP level 6. HP: 32/49 MP: 6/6
  3107 | D:4      | Found a glowing drain.
  3113 | D:4      | Reached skill level 5 in Axes
  3122 | Sewer    | Entered a sewer
  3158 | Sewer    | Noticed Pargi
  3178 | Sewer    | Killed Pargi
  3342 | Sewer    | Identified a scroll of acquirement
  3342 | Sewer    | Acquired the amulet "Domauvi" {RegenMP Int+6 Dex-2 Slay+4}
  3523 | D:4      | Gained mutation: A meltable shield of frost defends you.
                  | (SH +0) [demonic ancestry]
  3523 | D:4      | Reached XP level 7. HP: 35/55 MP: 7/7
  3787 | D:5      | Entered Level 5 of the Dungeon
  3808 | D:5      | Reached skill level 5 in Fighting
  4002 | D:5      | Reached skill level 6 in Axes
  4367 | D:5      | Gained mutation: You are partially covered in large bone
                  | plates. (SH +4) [demonic ancestry]
  4367 | D:5      | Reached XP level 8. HP: 42/63 MP: 8/8
  4497 | D:5      | Found Ucuimn's Serpentskin Sales.
  4504 | D:5      | Reached skill level 5 in Dodging
  4862 | D:6      | Identified the +1 long sword "Demon's Foe" {pain, *Slow
                  | rPois Str-4 Int+5}
  4889 | D:6      | Reached skill level 7 in Axes
  5386 | D:7      | Noticed Pikel
  5400 | D:7      | Killed Pikel
  5442 | D:7      | Found a staircase to the Ecumenical Temple.
  5450 | D:7      | Noticed Dowan
  5450 | D:7      | Noticed Duvessa
  5456 | D:7      | Killed Dowan
  5457 | D:7      | Reached skill level 8 in Axes
  5462 | D:7      | Killed Duvessa
  5469 | Temple   | Entered the Ecumenical Temple
  5518 | Temple   | Became a worshipper of Cheibriados the Contemplative
  5518 | Temple   | Reached * piety under Cheibriados
  5518 | Temple   | Reached ** piety under Cheibriados
  5672 | D:7      | Gained mutation: You have a pair of small horns on your
                  | head. [demonic ancestry]
  5672 | D:7      | Reached XP level 9. HP: 59/70 MP: 9/9
  5681 | D:7      | Reached skill level 1 in Shapeshifting
  5687 | D:7      | Slain by a wight

Illustrated notes

Levels and vault maps discovered:
D:1:      dpeg_arrival_castle, layout_basic, serial_forest,
          infiniplex_forest_straight_2, infiniplex_forest_straight_3,
          infiniplex_forest_clump_double, infiniplex_forest_lined_1,
          infiniplex_forest_clump_small, infiniplex_forest_straight_2,
          infiniplex_forest_lined_3_way
D:2:      layout_rooms
D:3:      layout_basic, general_overflow_altar, uniq_terence
D:4:      minmay_chambers_of_fours, layout_loops_ring, gup_sewer_entry_pipe,
          serial_shops, shop, uniq_ijyb
D:5:      layout_basic, guppyfry_shop_venom
D:6:      layout_rooms
D:7:      layout_rooms, minmay_temple_entry_hall, serial_shops,
          nicolae_shop_overgrown_old_shop, uniq_pikel, uniq_maggie, uniq_duvessa
Temple:   nicolae_temple_elliptical

Skill      XL: |  1  2  3  4  5  6  7  8  9 |
---------------+----------------------------+-----
Axes           | 3 4 5 6 8 |  8.1
Dodging        | 3 4 6 |  6.0
Fighting       | 4 5 6 |  6.8
Shapeshifting  | 1 |  1.3

Action                     |  1- 3 |  4- 6 |  7- 9 || total
---------------------------+-------+-------+-------++-------
  Melee: Hand axe          |    78 |    29 |       ||   107
         War axe           |       |   119 |   114 ||   233
  Throw: Javelin           |     3 |       |       ||     3
    Use: Scroll            |       |     1 |       ||     1
         Potion            |       |       |     1 ||     1
 Armour: Robe              |    26 |    56 |    18 ||   100
  Dodge: Dodged            |    60 |   118 |    79 ||   257
  Block: Orb               |       |       |    38 ||    38

Table legend: (Time is in decaauts)
 A = Elapsed time spent in this place.
 B = Non-inter-level travel time spent in this place.
 C = Inter-level travel time spent in this place.
 D = Time resting spent in this place.
 E = Time spent auto-exploring this place.
 F = Levels seen in this place.
 G = Mean time per level.
                   A        B        C        D        E       F      G
               +--------+--------+--------+--------+--------+-----+--------+
         Total |   5819 |   5570 |    249 |      0 |   4622 |   9 |  646.6 |
       Dungeon |   5344 |   5107 |    237 |      0 |   4282 |   7 |  763.4 |
        Temple |    242 |    230 |     12 |      0 |    171 |   1 |  242.0 |
         Sewer |    233 |    233 |      0 |      0 |    169 |   1 |  233.0 |
               +--------+--------+--------+--------+--------+-----+--------+

Top non-repeatable levels by time:
     D:1: 1075 daAuts
     D:5: 1046 daAuts
     D:4: 1017 daAuts
     D:3: 905 daAuts
     D:2: 614 daAuts
     D:6: 553 daAuts
  Temple: 242 daAuts
   Sewer: 233 daAuts
     D:7: 132 daAuts
